General information
- name: BNet
- type: Ladder 1vs1/FFA
- host: Battle.net
- saver: schmitty9800
map: LostTemple
- players: 2
- length: 89:25
- speed: Fast
- version: 1.24 W3XP
- replay type: Public
» download(285 KB)
Players
team 1 (winner)

»
schmitty9800 (
pink | 109 APM | 9774 actions | 89:25)
10 Demon Hunter
3 Mana Burn
3 Evasion
1 Metamorphosis
3 Immolation
10 Keeper of the Grove
3 Entangling Roots
3 Thorns Aura
1 Tranquility
3 Force of Nature
» actions
| Assign group hotkey | 233 | |
| Basic commands | 161 | |
| Build / train | 206 | |
| ESC pressed | 18 | |
| Enter build submenu | 59 | |
| Enter hero's abilities submenu | 20 | |
| Give item / drop item | 11 | |
| Remove unit from queue | 1 | |
| Right click | 3951 | |
| Select / deselect | 1744 | |
| Select group hotkey | 2828 | |
| Use ability | 541 | |
9774 total
» units
| Wisp | 59 | |
| Archer | 8 | |
| Huntress | 6 | |
| Druid of the Claw | 12 | |
| Glaive Thrower | 3 | |
| Dryad | 12 | |
| Druid of the Talon | 5 | |
| Mountain Giant | 4 | |
| Chimaera | 7 | |
| Hippogryph | 14 | |
| Goblin Zeppelin | 2 | |
| Goblin Shredder | 1 | |
133 total
» upgrades
| Ultravision | 1 | |
| Strength of the Moon | 1 | |
| Moon Armor | 1 | |
| Druid of the Claw Training | 2 | |
| Abolish Magic | 1 | |
| Vorpal Blades | 1 | |
| Improved Bows | 1 | |
| Marksmanship | 1 | |
| Druid of the Talon Training | 2 | |
| Well Spring | 1 | |
| Mark of the Claw | 1 | |
| Strength of the Wild | 5 | |
| Reinforced Hides | 3 | |
| Hardened Skin | 1 | |
| Nature's Blessing | 1 | |
| Resistant Skin | 1 | |
| Corrosive Breath | 1 | |
25 total
» buildings
| Altar of Elders | 2 | |
| Moon Well | 18 | |
| Ancient of War | 5 | |
| Hunter's Hall | 2 | |
| Tree of Life | 13 | |
| Ancient of Wonders | 2 | |
| Tree of Ages | 3 | |
| Ancient of Lore | 2 | |
| Tree of Eternity | 1 | |
| Ancient of Wind | 1 | |
| Chimaera Roost | 3 | |
| Ancient Protector | 4 | |
56 total
» build order
00:06 Altar of Elders
00:18 Moon Well
00:45 Ancient of War
01:21 Ancient of War
01:50 Moon Well
03:13 Hunter's Hall
03:53 Tree of Life
04:20 Ancient of War
04:36 Moon Well
05:02 Moon Well
06:10 Moon Well
06:49 Ancient of Wonders
07:39 Tree of Ages
07:44 Moon Well
09:40 Moon Well
09:43 Moon Well
10:01 Ancient of Lore
10:04 Ancient of Lore
10:05 Tree of Eternity
11:36 Ancient of Wind
20:28 Tree of Life
24:44 Moon Well
27:46 Tree of Life
34:17 Tree of Life
35:04 Chimaera Roost
35:10 Chimaera Roost
35:36 Ancient Protector
36:52 Chimaera Roost
44:42 Ancient of War
44:45 Tree of Life
44:47 Ancient Protector
44:50 Ancient Protector
44:51 Ancient Protector
45:48 Ancient of War
46:26 Tree of Life
47:13 Tree of Life
50:55 Tree of Ages
51:34 Altar of Elders
51:38 Moon Well
54:26 Moon Well
54:27 Moon Well
56:29 Tree of Life
63:18 Moon Well
64:14 Tree of Life
72:49 Moon Well
72:50 Moon Well
74:30 Tree of Ages
75:02 Moon Well
79:49 Tree of Life
79:51 Tree of Life
81:10 Tree of Life
81:15 Moon Well
81:17 Moon Well
82:19 Hunter's Hall
85:32 Tree of Life
87:36 Ancient of Wonders
» items
| Potion of Healing | 1 | |
| Scroll of Town Portal | 7 | |
| Staff of Preservation | 2 | |
| Scroll of Healing | 4 | |
| Lesser Clarity Potion | 3 | |
| Anti-magic Potion | 1 | |
| Staff of Teleportation | 1 | |
| Potion of Lesser Invulnerability | 1 | |
| Boots of Speed | 1 | |
21 total
team 2 (loser)
Plan.Be (
blue | 37 APM | 3318 actions | 89:24)
9 Archmage
3 Summon Water Elemental
3 Brilliance Aura
1 Mass Teleport
2 Blizzard
8 Mountain King
2 Thunder Clap
2 Bash
3 Storm Bolt
1 Avatar
» actions
| Basic commands | 23 | |
| Build / train | 249 | |
| Enter build submenu | 114 | |
| Enter hero's abilities submenu | 17 | |
| Give item / drop item | 1 | |
| Right click | 1312 | |
| Select / deselect | 1320 | |
| Use ability | 282 | |
3318 total
» units
| Peasant | 69 | |
| Rifleman | 43 | |
| Flying Machine | 1 | |
| Mortar Team | 7 | |
| Goblin Zeppelin | 2 | |
| Siege Engine | 16 | |
| Gryphon Rider | 20 | |
158 total
» upgrades
| Gunpowder | 3 | |
| Armor | 3 | |
| Masonry | 3 | |
| Long Rifles | 1 | |
| Plating | 3 | |
| Lumber Harvesting | 2 | |
| Swords | 1 | |
| Animal War Training | 1 | |
| Storm Hammers | 1 | |
18 total
» buildings
| Altar of Kings | 2 | |
| Farm | 28 | |
| Blacksmith | 2 | |
| Barracks | 2 | |
| Scout Tower | 51 | |
| Keep | 3 | |
| Arcane Tower | 4 | |
| Lumber Mill | 5 | |
| Guard Tower | 31 | |
| Town Hall | 11 | |
| Workshop | 4 | |
| Cannon Tower | 6 | |
| Castle | 3 | |
| Gryphon Aviary | 2 | |
154 total
» build order
00:08 Altar of Kings
00:32 Farm
01:10 Blacksmith
01:17 Barracks
01:26 Farm
02:02 Farm
02:39 Scout Tower
03:11 Keep
03:17 Farm
03:24 Arcane Tower
04:23 Farm
05:00 Farm
06:33 Scout Tower
06:40 Lumber Mill
07:07 Scout Tower
07:12 Guard Tower
07:45 Guard Tower
07:49 Farm
08:37 Farm
09:14 Farm
10:04 Farm
10:44 Town Hall
10:56 Scout Tower
11:00 Scout Tower
11:03 Scout Tower
11:05 Scout Tower
11:12 Scout Tower
11:16 Scout Tower
11:29 Guard Tower
11:31 Arcane Tower
11:33 Guard Tower
11:45 Guard Tower
11:55 Scout Tower
12:54 Guard Tower
12:57 Scout Tower
13:57 Guard Tower
15:56 Guard Tower
16:23 Scout Tower
16:55 Guard Tower
16:59 Scout Tower
17:09 Farm
17:43 Guard Tower
17:55 Scout Tower
18:25 Guard Tower
19:38 Scout Tower
19:44 Workshop
19:49 Workshop
20:30 Cannon Tower
20:35 Scout Tower
20:38 Farm
20:53 Scout Tower
20:57 Scout Tower
21:01 Scout Tower
21:07 Scout Tower
21:10 Cannon Tower
24:31 Scout Tower
24:38 Farm
24:41 Scout Tower
24:45 Scout Tower
24:55 Scout Tower
24:58 Scout Tower
25:01 Guard Tower
25:04 Farm
25:15 Cannon Tower
25:18 Guard Tower
25:47 Farm
25:50 Cannon Tower
25:56 Guard Tower
26:08 Guard Tower
26:16 Guard Tower
26:21 Guard Tower
26:34 Farm
26:47 Cannon Tower
27:49 Castle
31:11 Town Hall
34:20 Lumber Mill
36:49 Scout Tower
38:18 Cannon Tower
42:02 Town Hall
42:55 Scout Tower
43:31 Guard Tower
45:31 Town Hall
45:48 Scout Tower
46:37 Guard Tower
46:39 Scout Tower
47:49 Guard Tower
48:00 Town Hall
51:16 Gryphon Aviary
51:21 Gryphon Aviary
52:12 Town Hall
54:26 Keep
56:33 Farm
56:41 Farm
57:33 Farm
57:36 Farm
57:55 Farm
57:58 Farm
58:00 Keep
58:04 Farm
58:07 Farm
58:45 Farm
58:49 Farm
59:01 Altar of Kings
59:41 Castle
59:45 Scout Tower
60:13 Scout Tower
60:18 Scout Tower
60:22 Arcane Tower
60:26 Lumber Mill
60:42 Lumber Mill
61:15 Arcane Tower
61:33 Town Hall
61:46 Guard Tower
61:50 Scout Tower
61:52 Scout Tower
61:55 Scout Tower
62:17 Barracks
62:21 Guard Tower
62:24 Scout Tower
62:25 Guard Tower
62:29 Scout Tower
63:07 Guard Tower
63:31 Blacksmith
63:39 Guard Tower
63:43 Scout Tower
64:10 Scout Tower
64:18 Scout Tower
64:20 Guard Tower
64:22 Scout Tower
64:53 Guard Tower
65:01 Scout Tower
65:03 Scout Tower
65:06 Scout Tower
65:39 Scout Tower
65:45 Guard Tower
66:03 Guard Tower
66:07 Scout Tower
66:32 Workshop
66:40 Farm
66:45 Farm
67:38 Guard Tower
69:02 Town Hall
69:10 Workshop
75:10 Town Hall
76:52 Castle
77:01 Town Hall
80:53 Town Hall
82:20 Scout Tower
82:26 Scout Tower
82:30 Scout Tower
82:34 Scout Tower
82:39 Scout Tower
83:10 Lumber Mill
83:13 Guard Tower
» items
| Boots of Speed | 1 | |
| Scroll of Town Portal | 3 | |
| Potion of Lesser Invulnerability | 2 | |
| Scroll of Protection | 1 | |
7 total
Chat log
(00:38 / All) Plan.Be: howdy
(00:41 / All) schmitty9800: yo glhf